Map: New Rotterdam

Players

Rob - Winner!

  • Race: Protoss Protoss
  • League: Grandmaster
  • Spawn Location: 1:00

Jason

  • Race: Terran Terran
  • League: Grandmaster
  • Spawn Location: 7:00

VOD

Have the link to the VOD?

Description

Time

  • Played on: May 13, 2019, 6:08 p.m.
  • Length: 19:36
Show
View Real Time Build Order
Export as new Build Order

Rob Protoss - Winner!

Build Orders: 1 Gate Expand, Chargelot Immortal 

Get SALT Encoding   

  12  0:00  Probe  
  13  0:12  Probe  
  14  0:17  Pylon  
  14  0:24  Probe  
  15  0:32  Probe  
  15  0:37  Gateway  
  15  0:40  Probe  
  16  0:46  Assimilator  
  17  0:51  Probe  
  18  0:59  Probe  
  19  1:08  Probe  
  19  1:17  Probe  
  20  1:23  Cybernetics Core  
  21  1:36  Nexus  
  21  1:43  Pylon  
  21  1:45  Probe  
  22  1:52  Assimilator  
  22  1:55  Adept  
  22  1:57  Probe  
  25  2:04  Warp Gate  
  25  2:10  Probe  
  25  2:20  Stalker  
  25  2:22  Probe  
  28  2:30  Robotics Facility  
  28  2:34  Probe  
  29  2:46  Probe  
  29  2:49  Probe  
  29  2:51  Stalker  
  33  2:58  Probe  
  34  3:00  Probe  
  35  3:06  Probe  
  35  3:08  Probe  
  37  3:14  Probe, Shield Battery  
  37  3:16  Probe  
  37  3:17  Observer  
  39  3:22  Pylon  
  39  3:25  Probe  
  41  3:27  Probe  
  41  3:31  Gateway  
  41  3:33  Gateway  
  42  3:38  Probe  
  42  3:39  Probe  
  44  3:50  Probe  
  44  3:51  Immortal  
  44  3:52  Probe  
  50  3:59  Stalker  
  49  4:22  Immortal, Probe x2  
  49  4:23  Observer  
  53  4:32  Pylon  
  53  4:34  Probe  
  53  4:36  Twilight Council  
  54  4:38  Forge  
  54  4:47  Pylon  
  54  4:48  Assimilator  
  54  4:50  Probe x2  
  54  4:51  Assimilator  
  55  5:02  Stalker, Probe  
  55  5:03  Immortal  
  55  5:06  Observer  
  58  5:07  Probe  
  58  5:12  Charge  
  63  5:14  Probe  
  63  5:19  Probe  
  65  5:23  Protoss Ground Weapons Level 1  
  65  5:30  Probe  
  65  5:31  Probe  
  67  5:38  Zealot  
  67  5:40  Pylon  
  69  5:44  Templar Archives  
  69  5:46  Probe  
  69  5:48  Immortal  
  70  6:01  Pylon  
  74  6:11  Gateway  
  74  6:13  Gateway  
  73  6:20  Nexus, Warp Prism  
  73  6:25  Probe x2  
  77  6:32  High Templar  
  77  6:33  High Templar  
  77  6:37  Probe  
  77  6:39  Probe  
  83  6:42  Photon Cannon  
  83  6:43  Psionic Storm  
  83  6:49  Probe  
  84  6:56  Gateway  
  84  6:58  Gateway  
  84  7:08  Gateway  
  84  7:09  Pylon  
  84  7:12  Probe x2  
  84  7:16  Protoss Ground Weapons Level 2  
  84  7:19  Immortal  
  84  7:24  Probe  
  84  7:25  Probe  
  90  7:33  Sentry x2, Probe  
  90  7:34  Sentry  
  90  7:36  Probe  
  98  7:42  Pylon  
  98  7:44  Probe, Pylon  
  98  7:45  Probe  
  98  7:49  High Templar x2, Probe  
  105  8:02  Zealot, Pylon  
  105  8:03  Forge, Pylon  
  106  8:14  Zealot x5  
  106  8:16  Probe  
  117  8:20  Assimilator, Probe  
  117  8:24  Assimilator  
  118  8:28  Probe  
  118  8:33  Probe  
  118  8:34  Probe  
  121  8:36  Robotics Facility  
  121  8:38  Zealot x4  
  121  8:40  Robotics Bay, Probe  
  130  8:47  Forge  
  130  8:49  Zealot x2  
  134  8:56  Zealot x2  
  138  9:08  Archon  
  132  9:17  Nexus  
  132  9:18  Photon Cannon  
  132  9:20  Photon Cannon  
  132  9:21  Shield Battery  
  132  9:22  High Templar x2  
  132  9:24  Pylon  
  136  9:30  Pylon  
  136  9:34  Protoss Ground Weapons Level 3, Protoss Ground Armor Level 1, Pylon  
  136  9:47  Disruptor x2  
  136  9:55  Zealot x2  
  136  9:56  Zealot  
  146  10:09  Zealot x5  
  156  10:17  Observer  
  152  10:22  Zealot x3  
  152  10:24  Archon  
  152  10:25  Disruptor  
  162  10:29  Disruptor  
  158  10:36  Zealot x5  
  153  10:50  Probe x4  
  157  10:57  High Templar  
  157  10:58  High Templar, Photon Cannon  
  157  11:00  Shield Battery  
  157  11:01  Colossus  
  167  11:09  Assimilator x2  
  167  11:10  Pylon x2  
  167  11:11  Colossus  
  167  11:12  Pylon  
  167  11:34  Zealot x4  
  167  11:35  Zealot x2  
  167  11:37  Probe, Blink  
  167  11:38  Probe x2  
  180  11:46  Nexus  
  168  12:04  Pylon, Dark Shrine  
  168  12:07  Pylon  
  168  12:08  Pylon x2  
  166  12:25  Protoss Ground Armor Level 2, Pylon x2  
  151  12:40  Stalker, Zealot x6  
  165  12:52  Nexus, Pylon  
  165  13:05  Protoss Shields Level 1  
  165  13:06  Stalker x6  
  173  13:16  Pylon  
  173  13:18  Dark Templar  
  175  13:34  Stalker x5  
  183  13:52  Colossus  
  189  14:03  Zealot x3  
  188  14:22  Zealot x4  
  188  14:23  Zealot x3  
  133  14:34  Robotics Facility  
  131  14:44  Stalker x6  
  143  14:47  Protoss Ground Armor Level 3  
  143  14:51  Dark Templar  
  145  15:10  Nexus  
  145  15:16  Dark Templar  
  145  15:20  High Templar x2  
  151  15:24  High Templar x3  
  151  15:26  High Templar  
  151  15:28  Archon x2  
  149  15:56  Stalker  
  149  15:57  Stalker x5  
  153  16:14  High Templar  
  153  16:17  Nexus  
  152  16:27  High Templar x5  
  152  16:28  High Templar  
  152  16:32  Archon x3  
  164  16:35  Stargate  
  163  16:41  Disruptor x2  
  162  17:05  Stalker x2  
  164  17:26  Archon  
  164  17:27  Disruptor  
  167  17:34  High Templar x3  
  149  17:50  Zealot x2  
  148  18:03  Stalker  
  148  18:04  Zealot  
  149  18:14  Phoenix  
  149  18:15  Observer  
  148  18:39  Zealot x2  
  149  18:45  Stalker  
  144  18:59  Phoenix  
Show
View Real Time Build Order
Export as new Build Order

Jason Terran 

Build Orders: Gas First Reaper Expand, Liberator Opening 

Get SALT Encoding   

  12  0:00  SCV  
  13  0:12  SCV  
  14  0:18  Supply Depot  
  14  0:25  SCV  
  15  0:30  Refinery  
  15  0:40  SCV  
  16  0:45  Barracks  
  16  0:52  SCV  
  17  1:04  SCV  
  18  1:16  SCV  
  19  1:32  Reaper, Orbital Command  
  20  1:50  Command Center  
  20  1:59  SCV  
  21  2:06  Factory  
  21  2:08  Barracks Reactor  
  22  2:15  SCV  
  22  2:22  Supply Depot  
  22  2:27  SCV  
  22  2:28  Refinery  
  23  2:43  SCV  
  24  2:51  Starport  
  24  2:55  SCV  
  24  2:57  Hellion x2, Barracks Tech Lab  
  29  3:04  Orbital Command  
  29  3:08  SCV  
  29  3:12  Liberator  
  30  3:19  Hellion x2  
  34  3:21  SCV  
  35  3:31  SCV  
  39  3:39  SCV  
  39  3:40  Supply Depot  
  40  3:47  Cyclone, Marine  
  44  3:49  Marine  
  44  3:53  SCV  
  46  4:01  SCV, Supply Depot  
  47  4:05  SCV, Marine  
  47  4:11  Marine  
  47  4:14  SCV  
  47  4:17  SCV  
  47  4:23  Marine  
  44  4:25  Siege Tank  
  44  4:26  SCV  
  44  4:29  SCV  
  49  4:32  Viking  
  49  4:38  SCV  
  52  4:41  Marine x2  
  52  4:42  SCV, Bunker  
  55  4:45  Supply Depot  
  55  4:51  SCV  
  56  4:54  SCV  
  56  4:57  Siege Tank  
  60  5:02  Command Center  
  60  5:04  Starport Tech Lab  
  60  5:06  SCV  
  60  5:07  Marine  
  61  5:10  Marine  
  63  5:15  Supply Depot  
  63  5:18  Engineering Bay  
  63  5:19  SCV x2  
  65  5:24  Raven  
  67  5:29  Supply Depot  
  67  5:33  SCV  
  67  5:35  SCV  
  69  5:37  Marauder  
  69  5:41  Refinery  
  71  5:42  Refinery  
  71  5:48  Stimpack  
  71  5:49  SCV, Barracks  
  72  5:51  SCV, Barracks  
  72  5:56  Factory Reactor  
  73  6:00  Supply Depot  
  73  6:02  SCV  
  73  6:03  SCV, Supply Depot  
  75  6:07  Marauder  
  77  6:14  SCV  
  77  6:15  SCV  
  77  6:17  Orbital Command  
  79  6:22  Terran Infantry Weapons Level 1  
  79  6:23  Starport Reactor  
  79  6:26  SCV  
  79  6:27  SCV  
  79  6:30  Barracks  
  79  6:31  Barracks  
  81  6:33  Marauder  
  81  6:38  SCV, Widow Mine x2  
  81  6:39  SCV  
  89  6:42  Marine  
  89  6:43  Supply Depot  
  89  6:44  Marine  
  89  6:45  SCV  
  92  6:50  SCV  
  92  6:51  SCV  
  92  6:53  Marauder  
  96  6:54  Missile Turret  
  96  6:56  Marine  
  96  6:57  Supply Depot  
  96  7:00  Marine  
  99  7:02  SCV, Marine  
  99  7:03  Hellion, Orbital Command  
  99  7:07  SCV  
  103  7:09  Orbital Command  
  103  7:13  Medivac x2  
  103  7:14  SCV, Marine x2  
  110  7:19  SCV  
  110  7:21  Barracks Tech Lab x2, Marine x2  
  113  7:31  SCV  
  113  7:32  SCV  
  113  7:33  Marine x2  
  113  7:34  Refinery  
  113  7:35  SCV  
  118  7:39  Refinery  
  118  7:40  Marine  
  118  7:41  Marauder  
  118  7:43  SCV  
  122  7:44  Marine x2  
  122  7:46  Medivac x2  
  122  7:48  Concussive Shells, Combat Shield  
  122  7:50  SCV x2  
  130  7:52  Supply Depot  
  130  7:54  Supply Depot  
  130  7:58  Sensor Tower  
  130  7:59  Marauder, Marine x2  
  130  8:02  SCV x2  
  127  8:13  SCV  
  127  8:14  Marine x2  
  127  8:15  Marauder  
  127  8:16  SCV  
  127  8:17  Terran Infantry Armor Level 1, Ghost Academy  
  127  8:19  SCV, Marine  
  133  8:20  Marine x2  
  133  8:25  SCV  
  137  8:28  SCV  
  137  8:31  SCV  
  137  8:32  Medivac x2  
  137  8:33  Widow Mine x2  
  147  8:38  Starport  
  147  8:40  SCV  
  148  8:41  Fusion Core  
  148  8:42  SCV  
  149  8:53  Marauder, Marine x2  
  149  8:54  SCV x2  
  155  8:58  Supply Depot  
  155  8:59  Supply Depot  
  155  9:01  Ghost  
  156  9:04  Ghost  
  156  9:07  SCV x3  
  148  9:13  Ghost  
  148  9:16  Starport Tech Lab  
  150  9:19  SCV x3  
  153  9:25  Ghost  
  153  9:31  SCV x2  
  157  9:32  SCV, Ghost  
  157  9:37  Ghost  
  162  9:41  Marine x2  
  162  9:42  Marine  
  164  9:50  Liberator  
  163  9:53  Ghost  
  163  9:59  Command Center, Marine  
  166  10:00  Ghost  
  166  10:04  Ghost  
  166  10:06  Ghost  
  170  10:23  Ghost  
  170  10:26  Marine  
  173  10:31  Supply Depot  
  173  10:32  Supply Depot, Marine  
  173  10:37  Liberator  
  173  10:38  Ghost, Liberator  
  173  10:39  Marauder  
  173  10:40  Marauder  
  148  10:52  Ghost, Marine x2  
  158  11:01  Marauder  
  158  11:02  Marine  
  163  11:04  Widow Mine  
  163  11:07  SCV x2, Marine  
  166  11:11  Engineering Bay  
  166  11:12  Armory  
  166  11:21  Marauder  
  168  11:33  Marine  
  168  11:34  Marauder  
  166  11:40  Marine  
  166  11:44  Widow Mine  
  166  11:45  Marauder, Marine x2, Widow Mine  
  165  11:47  Liberator x2  
  165  11:48  Liberator  
  165  11:51  Marine  
  166  11:55  SCV, Marine  
  166  11:56  SCV  
  166  11:57  Marine  
  169  12:01  Sensor Tower  
  169  12:02  Missile Turret, Marine  
  169  12:03  Marauder  
  169  12:05  Terran Infantry Weapons Level 2  
  169  12:07  Marauder  
  183  12:09  Marine  
  183  12:13  Terran Infantry Armor Level 2, Marine  
  183  12:15  Marine  
  184  12:21  Marauder, Refinery  
  187  12:23  SCV  
  187  12:24  Refinery, Marine  
  187  12:27  Marine x2  
  190  12:30  Liberator, Marine  
  190  12:32  Sensor Tower  
  190  12:33  Marine  
  192  12:42  Marauder, Marine  
  195  12:45  Marine x2  
  195  12:47  Planetary Fortress  
  200  12:56  SCV  
  200  12:57  SCV x2  
  197  13:00  Marauder  
  199  13:07  Marine  
  198  13:14  Barracks  
  198  13:15  Barracks  
  198  13:16  Command Center, Barracks  
  198  13:18  Starport, Marine  
  199  13:21  Missile Turret  
  199  13:22  Missile Turret  
  199  13:24  Missile Turret  
  199  13:31  Advanced Ballistics  
  199  13:55  Liberator  
  198  13:57  Liberator  
  198  14:01  Liberator  
  190  14:03  Command Center  
  189  14:11  Marauder, Marine x2  
  189  14:12  Marine  
  189  14:13  Marauder  
  189  14:14  Marine  
  189  14:16  Marine x2  
  188  14:18  Marauder  
  156  14:29  Marine x2  
  156  14:30  Marine  
  125  14:32  Marine  
  125  14:33  Marauder  
  125  14:34  Marauder, Marine  
  125  14:35  Marauder  
  125  14:38  Liberator  
  132  14:39  Marine  
  132  14:47  Marine x2  
  132  14:51  Marine  
  135  14:54  Marauder, Marine  
  135  14:55  Marauder, Marine  
  135  14:56  Marauder  
  135  14:58  Marauder  
  148  15:04  Marine  
  148  15:05  Marine, Widow Mine x2  
  154  15:09  Marine  
  154  15:12  Marine x2  
  157  15:16  Marauder, Medivac  
  157  15:17  Marauder  
  162  15:21  Planetary Fortress  
  162  15:26  Missile Turret  
  162  15:39  Widow Mine x2  
  166  15:44  Ghost  
  166  15:45  Ghost  
  166  15:46  Liberator  
  166  15:49  Liberator  
  167  15:52  Marauder, Marine x2  
  167  15:54  Marine x2  
  167  15:55  Marauder, Liberator  
  167  15:57  Marine  
  147  16:07  SCV  
  153  16:25  Marine x2  
  153  16:26  Marauder  
  153  16:30  Marine  
  153  16:31  Marauder, Marine  
  153  16:32  Sensor Tower, Marine x2  
  165  16:38  Widow Mine  
  167  16:43  Marine x2  
  167  16:44  Widow Mine  
  171  16:47  Marine  
  171  16:48  Marine x2  
  171  16:49  Marine  
  171  16:50  Terran Infantry Armor Level 3  
  173  17:00  Liberator x2  
  169  17:03  Marine  
  169  17:04  Marauder  
  169  17:08  Medivac  
  170  17:21  Marauder, Liberator, Marine  
  179  17:27  Marine x3  
  179  17:28  Marauder  
  172  17:33  Marine x2  
  172  17:34  Marauder  
  176  17:41  Liberator  
  176  17:42  Liberator x2  
  146  17:46  Marine  
  146  17:47  Marine x3  
  146  17:48  Marauder  
  146  17:50  Orbital Command  
  140  17:59  Marine  
  140  18:00  Marauder, Widow Mine  
  140  18:02  Marine  
  155  18:17  Widow Mine  
  147  18:22  Widow Mine  
Tags
 
Add a new tag
Caveats
  • Supply blocks, unpowered buildings, or Contaminate may cause inaccurate times.
  • Supply counts are checked every 10 seconds.